 Dungeon Crawl Stone Soup version 0.18.1-48-g4cf74bf (webtiles) character file.

20 meme the Grasshopper (level 2, -3/26 HPs)
             Began as a Naga Warper on July 11, 2016.
             Slain by a giant gecko (4 damage)
             ... on level 2 of the Dungeon.
             The game lasted 00:08:35 (1226 turns).

meme the Grasshopper (Naga Warper)                  Turns: 1226, Time: 00:08:35

Health: -3/26      AC:  2    Str: 13    XL:     2   Next: 79%
Magic:  5/5        EV: 15    Int: 13    God:
Gold:   81         SH:  0    Dex: 15    Spells: 1 memorised, 4 levels left

rFire  . . .     SeeInvis +     a - +0 spear
rCold  . . .     Gourm    .     b - +0 leather armour
rNeg   . . .     Faith    .     (no shield)
rPois  +         Spirit   .     (no helmet)
rElec  .         Dismiss  .     (no cloak)
rCorr  .         Reflect  .     (no gloves)
SustAt .         Harm     .     (no barding)
MR     .....                    (no amulet)
Stlth  ++........               (no ring)
                                (no ring)

@: agile, very slightly contaminated, very slow, not resistant to hostile
enchantments, unstealthy
A: see invisible, deformed body, poison resistance, slowness 2, slow metabolism
1, spit poison 2, AC +0
a: Spit Poison


You were on level 2 of the Dungeon.
You were hungry.

You visited 1 branch of the dungeon, and saw 2 of its levels.

You collected 81 gold pieces.

Inventory:

Hand Weapons
 a - a +0 spear (weapon)
Missiles
 e - 5 tomahawks of dispersal (quivered)
Armour
 b - a +0 leather armour (worn)
Jewellery
 g - an uncursed ring of resist corrosion {unknown}
Books
 c - a book of Spatial Translocations

   Spells                             Type                      Level
   a - Apportation                    Translocation                1
   b - Blink                          Translocation                2
   c - Shroud of Golubria             Charms/Translocation         2
   d - Portal Projectile              Translocation                3
   e - Teleport Other                 Translocation                3
   f - Passage of Golubria            Translocation                4
Comestibles
 f - 2 bread rations
 h - a meat ration


   Skills:
 + Level 2.2 Fighting
 + Level 2.2 Polearms
 + Level 0.8 Throwing
 + Level 1.1 Armour
 + Level 1.7 Dodging
 + Level 0.4 Stealth
 + Level 2.0 Spellcasting
 + Level 3.2 Translocations


You had 4 spell levels left.
You knew the following spells:

 Your Spells              Type           Power        Failure   Level  Hunger
a - Apportation           Tloc           #.........   12%         1    ##.....


Dungeon Overview and Level Annotations

Branches:
Dungeon (2/15)

Altars:


Innate Abilities, Weirdness & Mutations

You cannot wear boots.
Your serpentine skin is tough (AC +0).
You have supernaturally acute eyesight.
Armour fits poorly on your strangely shaped body.
Your system is resistant to poisons.
You cover ground very slowly.
You have a slow metabolism.
You can spit poison.


Message History

You feel agile all of a sudden. The giant gecko bites you.
* * * LOW HITPOINT WARNING * * *
Read which item? (? for menu, Esc to quit)
Blink to where?
Press: ? - help, Dir - move target cursor
As you read the scroll of blinking, it crumbles to dust.
Read which item? (? for menu, Esc to quit)
Blink to where?
Press: ? - help, Dir - move target cursor
As you read the scroll of blinking, it crumbles to dust.
A worm comes into view.
You are feeling hungry.
The giant gecko hisses menacingly.
The giant gecko misses you.
Found a chain mail.
The giant gecko bites you.
* * * LOW HITPOINT WARNING * * *
The giant gecko bites you.
You die...

##### #.§.# #.#.#
#.#.#### #.#....#
#.####.# #l#..#.#
#
##.#.#.@..##.##[#
........l........
##.#.##w#.#.....
#.##.#.#.####
#.#....# #
#§####.# #.# #.#
# #r# ### .#.#
####


You could see a worm and a giant gecko.

Vanquished Creatures
  A dart slug (D:1)
  A giant gecko (D:1)
  4 bats (D:1)
  A giant cockroach (D:1)
  2 goblins (D:1)
  2 hobgoblins (D:1)
  2 kobolds (D:1)
  A giant newt (D:1)
  2 rats (D:1)
16 creatures vanquished.

Notes
Turn   | Place    | Note
--------------------------------------------------------------
     0 | D:1      | meme the Naga Warper began the quest for the Orb.
     0 | D:1      | Reached XP level 1. HP: 19/19 MP: 3/3
   200 | D:1      | Reached XP level 2. HP: 12/26 MP: 5/5
   701 | D:1      | Reached skill level 1 in Armour
  1208 | D:2      | HP: 1/26 [giant gecko (3)]
  1225 | D:2      | HP: 1/26 [giant gecko (2)]
  1226 | D:2      | Slain by a giant gecko

Skill      XL: |  1  2 |
---------------+-------+-----
Armour         | 1 |  1.1
Fighting       | |  2.2
Polearms       | |  2.2
Throwing       | |  0.8
Dodging        | |  1.7
Stealth        | |  0.4
Spellcasting   | |  2.0
Translocations | |  3.2

Action                   || total
-------------------------++-------
Melee: Spear             ||    84
 Cast: Apportation       ||     3
  Use: Scroll            ||     4
       Potion            ||     1
Armor: Leather armour    ||    20
Dodge: Dodged            ||    23
